 Dungeon Crawl Stone Soup version 0.24-a0-516-g9de272b (webtiles) character file.

Game seed: 10446543625959735243

7 DinnerBoy7 the Grave Robber (level 2, 20/20 HPs)
             Began as a Hill Orc Necromancer on July 21, 2019.
             Quit the game on level 1 of the Dungeon.
             The game lasted 00:03:37 (1040 turns).

DinnerBoy7 the Grave Robber (Hill Orc Necromancer)  Turns: 1040, Time: 00:03:37

Health: 20/20      AC:  2    Str: 10    XL:     2   Next: 4%
Magic:  4/4        EV: 12    Int: 15    God:
Gold:   58         SH:  0    Dex: 11    Spells: 2/4 levels left

rFire    . . .     SeeInvis .   b - +1 dagger
rCold    . . .     Gourm    .   (no shield)
rNeg     . . .     Faith    .   a - +0 robe
rPois    .         Spirit   .   (no helmet)
rElec    .         Reflect  .   (no cloak)
rCorr    .         Harm     .   (no gloves)
MR       .....                  (no boots)
Stlth    ++........             (no amulet)
HPRegen  0.06/turn              (no ring)
MPRegen  0.09/turn              (no ring)

@: no status effects
A: no striking features
a: no special abilities


You were on level 1 of the Dungeon.
You were not hungry.

You visited 1 branch of the dungeon, and saw 1 of its levels.

You collected 58 gold pieces.

Inventory:

Hand Weapons
 b - a +1 dagger (weapon)
Armour
 a - a +0 robe (worn)
Jewellery
 e - a cursed +3 ring of strength {unknown}
Scrolls
 d - a scroll of enchant weapon
Comestibles
 c - 3 rations


   Skills:
 + Level 0.1 Fighting
 + Level 0.0 Short Blades
 + Level 1.6 Dodging
 - Level 1.5 Stealth
 + Level 1.6 Spellcasting
 + Level 4.3 Necromancy


You had 2 spell levels left.
You knew the following spells:

 Your Spells              Type           Power        Failure   Level  Hunger
a - Pain                  Necr           ##..         4%          1    ##.....
b - Animate Skeleton      Necr           N/A          4%          1    ##.....

Your spell library contained the following spells:

 Spells                   Type           Power        Failure   Level  Hunger
 Vampiric Draining        Necr           ##........   12%         3    ####...
 Regeneration             Chrm/Necr      #.........   28%         3    ####...
 Animate Dead             Necr           N/A          36%         4    #####..


Dungeon Overview and Level Annotations

Branches:
Dungeon (1/15)

Altars:


Message History

This raw flesh tastes terrible.
Found a stone staircase leading down.
d - 2 scrolls labeled ORETOTZOANO (gained 1)
As you read the scroll labeled ORETOTZOANO, it crumbles to dust.
It is a scroll of enchant weapon.
Your +0 dagger glows red for a moment.
As you read the scroll labeled FACEUT DOZ, it crumbles to dust.
You feel strangely unstable.
It was a scroll of teleportation.
Your surroundings suddenly seem different.
A hobgoblin comes into view.
The hobgoblin shouts!
You hear a shout!
Found 17 gold pieces.
Found 28 stones.
Unknown command.
Unknown command.
Are you sure you want to abandon this character and quit the game? (Confirm with "yes".)
Okay, then.
Unknown command.
Unknown command.
Are you sure you want to abandon this character and quit the game? (Confirm with "yes".)

#.. ..#..# .( .....# . ..##....#
.. #.## .#..$..#..# .... ........
...# .## #.....# ...# .g..
#.....# ##.. #... #@# . #....#.#
#..# #....#...... ..#
#.####..##.# ### ..# #...........
... ###.# #.......##.######.###
...# #.#..^............... #.##
#.#.###.##.#....# #.
.###..#######.#.#...........##.#.


There were no monsters in sight!

Vanquished Creatures
  A dart slug (D:1)
  A leopard gecko (D:1)
  A bat (D:1)
  A frilled lizard (D:1)
  2 rats (D:1)
6 creatures vanquished.

Notes
Turn   | Place    | Note
-------+----------+-------------------------------------------
     0 | D:1      | DinnerBoy7 the Hill Orc Necromancer began the quest for the
                  | Orb.
     0 | D:1      | Reached XP level 1. HP: 14/14 MP: 3/3
   291 | D:1      | Learned a level 1 spell: Animate Skeleton
   699 | D:1      | Reached XP level 2. HP: 20/20 MP: 4/4
  1040 | D:1      | Quit the game

Levels and vault maps discovered:
D:1:      scummos_arrival_forest, layout_basic

Action                   || total
-------------------------++-------
Melee: Dagger            ||     2
       Unarmed           ||     2
 Cast: Pain              ||    12
  Use: Scroll            ||     2
  Eat: Chunk             ||     1
Armor: Robe              ||     5
Dodge: Dodged            ||    14

Table legend:
 A = Non-vault XP
 B = Vault XP
 C = Vault XP percentage of total XP
 D = Non-vault monster count
 E = Vault monster count
 F = Vault count percentage of total count
                 A         B        C        D         E       F
            +---------+---------+-------+---------+---------+-------
      Total |      11 |       0 |   0.0 |       6 |       0 |   0.0
            +---------+---------+-------+---------+---------+-------
        D:1 |      11 |       0 |   0.0 |       6 |       0 |   0.0
            +---------+---------+-------+---------+---------+-------
